Workbook

Sheet swiss_qna
A2: Staatssekretariat für Wirtschaft SECO
A3: Secrétariat d'Etat à l'économie SECO
A4: Segreteria di Stato dell’economia SECO
A5: Secretariat da stadi per l'economia SECO
A6: State Secretariat for Economic Affairs SECO
A8: You may choose the language to label the Swiss GDP and its income components in the dropdown-menu below.
A9: Pages labelled at the end with "_q" contain quarterly data, pages with "_y" contain yearly figures.
A10: Pages labelled at the beginning with "nom" contain figures at current prices.
A12: Sie können im Dropdown-Menu die Sprache wählen, im welcher Sie das BIP der Schweiz gemäss Einkommensseite beschriftet haben möchten.
A13: Seiten mit der Endbezeichnung "_q" enthalten Quartalszahlen, diejenigen mit "_y" Jahreszahlen.
A14: Seiten mit der Anfangsbezeichnung "nom" enthalten Werte zu laufenden Preisen.
A16: Vous pouvez choisir ci-dessous la langue avec laquelle vous souhaitez visualiser le PIB de la Suisse selon l'approche par les revenus.
... A22: Le pagine contrassegnate all'inizio con "nom" contengono dati ai prezzi correnti.

Sheet nom_q
A1: =INDIRECT("beschriftung!"&ADDRESS(beschriftung!$C$1*12+ROW(beschriftung!$A1)-1,COLUMN(beschriftung!A$1))) -> ESA 2010, Quarterly aggregates of Gross Domestic Product, income approach, seasonally and calendar adjusted data
A2: =INDIRECT("beschriftung!"&ADDRESS(beschriftung!$C$1*12+ROW(beschriftung!$A2)-1,COLUMN(beschriftung!A$1))) -> In Mio. Swiss Francs, at current prices, percentage change to previous quarter
C4: =INDIRECT("beschriftung!"&ADDRESS(beschriftung!$C$1*12+ROW(beschriftung!$A5)-1,COLUMN(beschriftung!C$1))) -> Gross domestic product | O4: =INDIRECT("beschriftung!"&ADDRESS(beschriftung!$C$1*12+ROW(beschriftung!$A5)-1,COLUMN(beschriftung!O$1))) -> Gross national income | AA4: =INDIRECT("beschriftung!"&ADDRESS(beschriftung!$C$1*12+ROW(beschriftung!$A5)-1,COLUMN(beschriftung!AA$1))) -> Disposable income, gross
E5: =INDIRECT("beschriftung!"&ADDRESS(beschriftung!$C$1*12+ROW(beschriftung!$A7)-1,COLUMN(beschriftung!E$1))) -> Compensation of employees | G5: =INDIRECT("beschriftung!"&ADDRESS(beschriftung!$C$1*12+ROW(beschriftung!$A7)-1,COLUMN(beschriftung!G$1))) -> Net operating surplus and net mixed income | I5: =INDIRECT("beschriftung!"&ADDRESS(beschriftung!$C$1*12+ROW(beschriftung!$A7)-1,COLUMN(beschriftung!I$1))) -> Consumption of fixed capital | K5: =INDIRECT("beschriftung!"&ADDRESS(beschriftung!$C$1*12+ROW(beschriftung!$A7)-1,COLUMN(beschriftung!K$1))) -> Taxes on production and imports | M5: =INDIRECT("beschriftung!"&ADDRESS(beschriftung!$C$1*12+ROW(beschriftung!$A7)-1,COLUMN(beschriftung!M$1))) -> Subsidies | Q5: =INDIRECT("beschriftung!"&ADDRESS(beschriftung!$C$1*12+ROW(beschriftung!$A7)-1,COLUMN(beschriftung!Q$1))) -> Compensation of employees received from the rest of the world | S5: =INDIRECT("beschriftung!"&ADDRESS(beschriftung!$C$1*12+ROW(beschriftung!$A7)-1,COLUMN(beschriftung!S$1))) -> Compensation of employees paid to the rest of the world | U5: =INDIRECT("beschriftung!"&ADDRESS(beschriftung!$C$1*12+ROW(beschriftung!$A7)-1,COLUMN(beschriftung!U$1))) -> Taxes on production and imports received from the rest of the world | W5: =INDIRECT("beschriftung!"&ADDRESS(beschriftung!$C$1*12+ROW(beschriftung!$A7)-1,COLUMN(beschriftung!W$1))) -> Property income received from the rest of the world | Y5: =INDIRECT("beschriftung!"&ADDRESS(beschriftung!$C$1*12+ROW(beschriftung!$A7)-1,COLUMN(beschriftung!Y$1))) -> Property income paid to the rest of the world | AB5: =IF(INDIRECT("beschriftung!"&ADDRESS(beschriftung!$C$1*12+ROW($A6)-1,COLUMN(AB$1)))="","",INDIRECT("beschriftung!"&ADDRESS(beschriftung!$C$1*12+ROW($A6)-1,COLUMN(AB$1)))) | AC5: =INDIRECT("beschriftung!"&ADDRESS(beschriftung!$C$1*12+ROW(beschriftung!$A7)-1,COLUMN(beschriftung!AC$1))) -> Current transfers receivable from the rest of the world | AE5: =INDIRECT("beschriftung!"&ADDRESS(beschriftung!$C$1*12+ROW(beschriftung!$A7)-1,COLUMN(beschriftung!AE$1))) -> Current transfers payable to the rest of the world
C11: B1GQ | E11: D1 | G11: B2_B3N | I11: P51C | K11: D2 | M11: D3 | O11: B5GQ | Q11: D1r | S11: D1p | U11: D2r | W11: D4r | Y11: D4p | AA11: B6G | AC11: D5r_D6r_D7r | AE11: D5p_D6p_D7p
A12: 1980 | B12: 1 | C12: 50870.618
A13: 1980 | B13: 2 | C13: 51589.145 | D13: 0.014124589
A14: 1980 | B14: 3 | C14: 52513.466 | D14: 0.017916971
A15: 1980 | B15: 4 | C15: 53339.752 | D15: 0.015734749
A16: 1981 | B16: 1 | C16: 54375.816 | D16: 0.019423863
A17: 1981 | B17: 2 | C17: 55376.645 | D17: 0.018405779
A18: 1981 | B18: 3 | C18: 56529.103 | D18: 0.020811258
A19: 1981 | B19: 4 | C19: 57563.974 | D19: 0.018306875
A20: 1982 | B20: 1 | C20: 58319.838 | D20: 0.013130849
A21: 1982 | B21: 2 | C21: 59218.778 | D21: 0.015413966
A22: 1982 | B22: 3 | C22: 59558.125 | D22: 0.0057303913
A23: 1982 | B23: 4 | C23: 59956.44 | D23: 0.006687847
A24: 1983 | B24: 1 | C24: 60303.401 | D24: 0.0057868779
... A51: 1989 | B51: 4 | C51: 88956.945 | D51: 0.019393573
A52: 1990 | B52: 1 | C52: 91808.989 | D52: 0.032060943 | E52: 49702.716 | G52: 19907.14 | I52: 20232.855 | K52: 4618.494 | M52: -2652.2168 | O52: 94133.251 | Q52: 286.38404 | S52: 2236.3534 | U52: 5.2152342 | W52: 9893.9971 | Y52: 5624.9807 | AA52: 93471.634 | AC52: 3420.8993 | AE52: 4082.5168
A53: 1990 | B53: 2 | C53: 93393.795 | D53: 0.017261995 | E53: 50408.977 | F53: 0.014209709 | G53: 20104.676 | H53: 0.0099228871 | I53: 20827.777 | J53: 0.029403745 | K53: 4631.9734 | L53: 0.0029185774 | M53: -2579.609 | N53: -0.027376245 | O53: 95071.841 | P53: 0.0099708694 | Q53: 292.3986 | R53: 0.021001728 | S53: 2325.2457 | T53: 0.039748771 | U53: 5.2932881 | V53: 0.014966507 | W53: 9473.348 | X53: -0.042515581 | Y53: 5767.748 | Z53: 0.025380934 | AA53: 94311.835 | AB53: 0.0089888381 | AC53: 3547.1862 | AD53: 0.036916274 | AE53: 4307.1926 | AF53: 0.055033657
A54: 1990 | B54: 3 | C54: 94439.244 | D54: 0.011193987 | E54: 51338.014 | F54: 0.018429981 | G54: 19800.785 | H54: -0.015115479 | I54: 21263.545 | J54: 0.020922426 | K54: 4653.7379 | L54: 0.0046987624 | M54: -2616.8369 | N54: 0.014431605 | O54: 95861.31 | P54: 0.008303916 | Q54: 300.34231 | R54: 0.027167392 | S54: 2412.4613 | T54: 0.037508142 | U54: 5.3516428 | V54: 0.011024284 | W54: 9340.0969 | X54: -0.014065898 | Y54: 5811.2637 | Z54: 0.0075446513 | AA54: 95072.182 | AB54: 0.0080620569 | AC54: 3650.2426 | AD54: 0.029052994 | AE54: 4439.3702 | AF54: 0.03068764
A55: 1990 | B55: 4 | C55: 95256.881 | D55: 0.0086578082 | E55: 52281.304 | F55: 0.018374112 | G55: 19368.892 | H55: -0.021811897 | I55: 21620.495 | J55: 0.01678699 | K55: 4664.5808 | L55: 0.0023299283 | M55: -2678.3916 | N55: 0.023522541 | O55: 96919.772 | P55: 0.011041595 | Q55: 309.09982 | R55: 0.02915844 | S55: 2494.0726 | T55: 0.033829076 | U55: 5.4306742 | V55: 0.014767692 | W55: 9464.5279 | X55: 0.013322235 | Y55: 5622.095 | Z55: -0.032552076 | AA55: 96166.883 | AB55: 0.011514414 | AC55: 3730.9497 | AD55: 0.022110056 | AE55: 4483.8386 | AF55: 0.010016815
A56: 1991 | B56: 1 | C56: 96921.677 | D56: 0.017476912 | E56: 53511.02 | F56: 0.023521129 | G56: 19719.079 | H56: 0.018079872 | I56: 21866.1 | J56: 0.011359793 | K56: 4695.5469 | L56: 0.006638553 | M56: -2870.0683 | N56: 0.071564105 | O56: 99005.29 | P56: 0.021517983 | Q56: 319.30213 | R56: 0.033006508 | S56: 2557.8436 | T56: 0.025568989 | U56: 5.6013726 | V56: 0.031432258 | W56: 9640.2647 | X56: 0.018567948 | Y56: 5323.712 | Z56: -0.053073278 | AA56: 98366.064 | AB56: 0.022868383 | AC56: 3789.39 | AD56: 0.015663677 | AE56: 4428.6158 | AF56: -0.012315949
A57: 1991 | B57: 2 | C57: 97276.914 | D57: 0.0036651918 | E57: 54455.345 | F57: 0.017647302 | G57: 18990.77 | H57: -0.036934256 | I57: 22109.887 | J57: 0.011149095 | K57: 4705.9796 | L57: 0.002221831 | M57: -2985.0673 | N57: 0.040068386 | O57: 99190.107 | P57: 0.0018667387 | Q57: 328.19726 | R57: 0.027858048 | S57: 2627.074 | T57: 0.027065958 | U57: 5.5941749 | V57: -0.0012849795 | W57: 9441.0218 | X57: -0.02066779 | Y57: 5234.546 | Z57: -0.016748836 | AA57: 98580.196 | AB57: 0.0021768919 | AC57: 3887.5236 | AD57: 0.025896918 | AE57: 4497.4341 | AF57: 0.015539448
A58: 1991 | B58: 3 | C58: 98305.664 | D58: 0.010575483 | E58: 55072.74 | F58: 0.011337642 | G58: 19178.512 | H58: 0.0098859932 | I58: 22417.721 | J58: 0.013922901 | K58: 4723.3987 | L58: 0.0037014867 | M58: -3086.7077 | N58: 0.034049621 | O58: 100409.92 | P58: 0.012297696 | Q58: 334.54654 | R58: 0.019345939 | S58: 2645.8143 | T58: 0.0071334975 | U58: 5.7254511 | V58: 0.02346659 | W58: 9517.953 | X58: 0.0081486151 | Y58: 5108.1581 | Z58: -0.024144963 | AA58: 99753.005 | AB58: 0.011896998 | AC58: 4026.0555 | AD58: 0.035635008 | AE58: 4682.9674 | AF58: 0.041253147
A59: 1991 | B59: 4 | C59: 99078.617 | D59: 0.0078627549 | E59: 55699.241 | F59: 0.011375886 | G59: 19107.022 | H59: -0.0037276298 | I59: 22669.651 | J59: 0.011238016 | K59: 4701.3774 | L59: -0.00466217 | M59: -3098.6746 | N59: 0.003876919 | O59: 101143.7 | P59: 0.0073078987 | Q59: 339.21827 | R59: 0.013964362 | S59: 2636.068 | T59: -0.0036836411 | U59: 5.7691153 | V59: 0.0076263308 | W59: 9322.5211 | X59: -0.02053298 | Y59: 4966.3556 | Z59: -0.027760003 | AA59: 100350.63 | AB59: 0.0059910475 | AC59: 4207.1345 | AD59: 0.044976785 | AE59: 5000.2069 | AF59: 0.067743274
A60: 1992 | B60: 1 | C60: 99828.955 | D60: 0.0075731518 | E60: 55931.11 | F60: 0.0041628763 | G60: 19452.416 | H60: 0.018076834 | I60: 22868.149 | J60: 0.0087560811 | K60: 4693.8224 | L60: -0.0016069715 | M60: -3116.543 | N60: 0.0057664752 | O60: 101817.09 | P60: 0.0066577003 | Q60: 346.56338 | R60: 0.021653049 | S60: 2645.3141 | T60: 0.0035075073 | U60: 5.7884412 | V60: 0.0033498906 | W60: 9075.4136 | X60: -0.026506506 | Y60: 4794.3195 | Z60: -0.034640311 | AA60: 100762.19 | AB60: 0.0041012098 | AC60: 4434.4295 | AD60: 0.054026084 | AE60: 5489.3274 | AF60: 0.097820045
A61: 1992 | B61: 2 | C61: 100088.85 | D61: 0.0026034085 | E61: 56324.78 | F61: 0.0070384793 | G61: 19254.085 | H61: -0.010195724 | I61: 22957.654 | J61: 0.0039139547 | K61: 4666.2129 | L61: -0.0058821085 | M61: -3113.8813 | N61: -0.00085406818 | O61: 101846.69 | P61: 0.00029071692 | Q61: 345.51526 | R61: -0.0030243271 | S61: 2609.9632 | T61: -0.013363562 | U61: 5.8394521 | V61: 0.0088125481 | W61: 8745.8828 | X61: -0.036310277 | Y61: 4729.438 | Z61: -0.013532988 | AA61: 100667.24 | AB61: -0.00094232249 | AC61: 4618.5641 | AD61: 0.041523849 | AE61: 5798.0124 | AF61: 0.056233667
A62: 1992 | B62: 3 | C62: 99659.838 | D62: -0.0042863113 | E62: 56698.321 | F62: 0.0066319086 | G62: 18478.868 | H62: -0.040262434 | I62: 22970.859 | J62: 0.0005752194 | K62: 4661.9708 | L62: -0.00090910466 | M62: -3150.1814 | N62: 0.011657496 | O62: 101580.71 | P62: -0.0026115203 | Q62: 347.10801 | R62: 0.0046097809 | S62: 2589.1083 | T62: -0.007990517 | U62: 5.879804 | V62: 0.0069102105 | W62: 8805.7007 | X62: 0.0068395484 | Y62: 4648.7067 | Z62: -0.017069964 | AA62: 100379.23 | AB62: -0.0028610203 | AC62: 4763.3163 | AD62: 0.031341387 | AE62: 5964.801 | AF62: 0.028766501
A63: 1992 | B63: 4 | C63: 99705.188 | D63: 0.00045504532 | E63: 56790.086 | F63: 0.0016184844 | G63: 18446.61 | H63: -0.0017457039 | I63: 22913.651 | J63: -0.0024904661 | K63: 4712.5687 | L63: 0.010853327 | M63: -3157.7281 | N63: 0.0023956453 | O63: 101653.94 | P63: 0.00072085911 | Q63: 349.80087 | R63: 0.0077579754 | S63: 2569.0289 | T63: -0.0077553222 | U63: 5.9179525 | V63: 0.0064880679 | W63: 8778.7778 | X63: -0.0030574434 | Y63: 4616.7185 | Z63: -0.006881096 | AA63: 100523.89 | AB63: 0.0014412057 | AC63: 4871.0571 | AD63: 0.022618857 | AE63: 6001.1 | AF63: 0.0060855401
A64: 1993 | B64: 1 | C64: 100044.12 | D64: 0.0033993886 | E64: 56929.505 | F64: 0.0024549854 | G64: 18483.389 | H64: 0.0019938049 | I64: 23039.072 | J64: 0.0054736258 | K64: 4799.6219 | L64: 0.018472569 | M64: -3207.4632 | N64: 0.015750278 | O64: 102413.58 | P64: 0.0074727873 | Q64: 370.27913 | R64: 0.058542624 | S64: 2546.967 | T64: -0.0085876501 | U64: 5.9577022 | V64: 0.0067167895 | W64: 9181.9235 | X64: 0.04592276 | Y64: 4641.7425 | Z64: 0.0054203141 | AA64: 101463.04 | AB64: 0.0093425597 | AC64: 4942.835 | AD64: 0.014735583 | AE64: 5893.3656 | AF64: -0.017952436
... A197: 2026 | B197: 2 | C197: 226290.71 | D197: 0.018344593 | E197: 126627.75 | F197: 0.0057894272 | G197: 38100.061 | H197: 0.080843629 | I197: 55988.867 | J197: 0.006002368 | K197: 11986.871 | L197: 0.012577696 | M197: -6412.8423 | N197: -0.0023073536 | O197: 223759.25 | P197: 0.024631616 | Q197: 886.73614 | R197: -0.0014244731 | S197: 9070.8677 | T197: 0.00093984182 | U197: 100.23359 | V197: -0.078095494 | W197: 48435.038 | X197: -0.02451526 | Y197: 42882.605 | Z197: -0.05588059 | AA197: 219485.84 | AB197: 0.025128112 | AC197: 14939.505 | AD197: -0.0030871492 | AE197: 19212.912 | AF197: -0.0024548079

Sheet nom_y
A1: =INDIRECT("beschriftung!"&ADDRESS(beschriftung!$C$1*12+ROW(beschriftung!$A1)-1,COLUMN(beschriftung!A$1))) -> ESA 2010, Quarterly aggregates of Gross Domestic Product, income approach, seasonally and calendar adjusted data
A2: =INDIRECT("beschriftung!"&ADDRESS(beschriftung!$C$1*12+ROW(beschriftung!$A2)-1,COLUMN(beschriftung!B$1))) -> In Mio. Swiss Francs, at current prices, percentage change to previous year
C4: =INDIRECT("beschriftung!"&ADDRESS(beschriftung!$C$1*12+ROW(beschriftung!$A5)-1,COLUMN(beschriftung!C$1))) -> Gross domestic product | D4: =IF(INDIRECT("beschriftung.!"&ADDRESS(#REF!*12+ROW($A5)-1,COLUMN(D$1)))="","",INDIRECT("beschriftung.!"&ADDRESS(#REF!*12+ROW($A5)-1,COLUMN(D$1)))) -> #REF! | E4: =IF(INDIRECT("beschriftung.!"&ADDRESS(#REF!*12+ROW($A5)-1,COLUMN(E$1)))="","",INDIRECT("beschriftung.!"&ADDRESS(#REF!*12+ROW($A5)-1,COLUMN(E$1)))) -> #REF! | F4: =IF(INDIRECT("beschriftung.!"&ADDRESS(#REF!*12+ROW($A5)-1,COLUMN(F$1)))="","",INDIRECT("beschriftung.!"&ADDRESS(#REF!*12+ROW($A5)-1,COLUMN(F$1)))) -> #REF! | G4: =IF(INDIRECT("beschriftung.!"&ADDRESS(#REF!*12+ROW($A5)-1,COLUMN(G$1)))="","",INDIRECT("beschriftung.!"&ADDRESS(#REF!*12+ROW($A5)-1,COLUMN(G$1)))) -> #REF! | H4: =IF(INDIRECT("beschriftung.!"&ADDRESS(#REF!*12+ROW($A5)-1,COLUMN(H$1)))="","",INDIRECT("beschriftung.!"&ADDRESS(#REF!*12+ROW($A5)-1,COLUMN(H$1)))) -> #REF! | I4: =IF(INDIRECT("beschriftung.!"&ADDRESS(#REF!*12+ROW($A5)-1,COLUMN(I$1)))="","",INDIRECT("beschriftung.!"&ADDRESS(#REF!*12+ROW($A5)-1,COLUMN(I$1)))) -> #REF! | J4: =IF(INDIRECT("beschriftung.!"&ADDRESS(#REF!*12+ROW($A5)-1,COLUMN(J$1)))="","",INDIRECT("beschriftung.!"&ADDRESS(#REF!*12+ROW($A5)-1,COLUMN(J$1)))) -> #REF! | K4: =IF(INDIRECT("beschriftung.!"&ADDRESS(#REF!*12+ROW($A5)-1,COLUMN(K$1)))="","",INDIRECT("beschriftung.!"&ADDRESS(#REF!*12+ROW($A5)-1,COLUMN(K$1)))) -> #REF! | ... N4: =IF(INDIRECT("beschriftung.!"&ADDRESS(#REF!*12+ROW($A5)-1,COLUMN(N$1)))="","",INDIRECT("beschriftung.!"&ADDRESS(#REF!*12+ROW($A5)-1,COLUMN(N$1)))) -> #REF! | O4: =IF(INDIRECT("beschriftung!"&ADDRESS(beschriftung!$C$1*12+ROW($A5)-1,COLUMN(O$1)))="","",INDIRECT("beschriftung!"&ADDRESS(beschriftung!$C$1*12+ROW($A5)-1,COLUMN(O$1)))) -> Gross national income | P4: =IF(INDIRECT("beschriftung.!"&ADDRESS(#REF!*12+ROW($A5)-1,COLUMN(P$1)))="","",INDIRECT("beschriftung.!"&ADDRESS(#REF!*12+ROW($A5)-1,COLUMN(P$1)))) -> #REF! | Q4: =IF(INDIRECT("beschriftung.!"&ADDRESS(#REF!*12+ROW($A5)-1,COLUMN(Q$1)))="","",INDIRECT("beschriftung.!"&ADDRESS(#REF!*12+ROW($A5)-1,COLUMN(Q$1)))) -> #REF! | R4: =IF(INDIRECT("beschriftung.!"&ADDRESS(#REF!*12+ROW($A5)-1,COLUMN(R$1)))="","",INDIRECT("beschriftung.!"&ADDRESS(#REF!*12+ROW($A5)-1,COLUMN(R$1)))) -> #REF! | S4: =IF(INDIRECT("beschriftung.!"&ADDRESS(#REF!*12+ROW($A5)-1,COLUMN(S$1)))="","",INDIRECT("beschriftung.!"&ADDRESS(#REF!*12+ROW($A5)-1,COLUMN(S$1)))) -> #REF! | T4: =IF(INDIRECT("beschriftung.!"&ADDRESS(#REF!*12+ROW($A5)-1,COLUMN(T$1)))="","",INDIRECT("beschriftung.!"&ADDRESS(#REF!*12+ROW($A5)-1,COLUMN(T$1)))) -> #REF! | W4: =IF(INDIRECT("beschriftung.!"&ADDRESS(#REF!*12+ROW($A5)-1,COLUMN(W$1)))="","",INDIRECT("beschriftung.!"&ADDRESS(#REF!*12+ROW($A5)-1,COLUMN(W$1)))) -> #REF! | X4: =IF(INDIRECT("beschriftung.!"&ADDRESS(#REF!*12+ROW($A5)-1,COLUMN(X$1)))="","",INDIRECT("beschriftung.!"&ADDRESS(#REF!*12+ROW($A5)-1,COLUMN(X$1)))) -> #REF! | Y4: =IF(INDIRECT("beschriftung.!"&ADDRESS(#REF!*12+ROW($A5)-1,COLUMN(Y$1)))="","",INDIRECT("beschriftung.!"&ADDRESS(#REF!*12+ROW($A5)-1,COLUMN(Y$1)))) -> #REF! | Z4: =IF(INDIRECT("beschriftung.!"&ADDRESS(#REF!*12+ROW($A5)-1,COLUMN(Z$1)))="","",INDIRECT("beschriftung.!"&ADDRESS(#REF!*12+ROW($A5)-1,COLUMN(Z$1)))) -> #REF! | AA4: =INDIRECT("beschriftung!"&ADDRESS(beschriftung!$C$1*12+ROW(beschriftung!$A5)-1,COLUMN(beschriftung!AA$1))) -> Disposable income, gross
E5: =INDIRECT("beschriftung!"&ADDRESS(beschriftung!$C$1*12+ROW(beschriftung!$A7)-1,COLUMN(beschriftung!E$1))) -> Compensation of employees | G5: =INDIRECT("beschriftung!"&ADDRESS(beschriftung!$C$1*12+ROW(beschriftung!$A7)-1,COLUMN(beschriftung!G$1))) -> Net operating surplus and net mixed income | I5: =INDIRECT("beschriftung!"&ADDRESS(beschriftung!$C$1*12+ROW(beschriftung!$A7)-1,COLUMN(beschriftung!I$1))) -> Consumption of fixed capital | K5: =INDIRECT("beschriftung!"&ADDRESS(beschriftung!$C$1*12+ROW(beschriftung!$A7)-1,COLUMN(beschriftung!K$1))) -> Taxes on production and imports | M5: =INDIRECT("beschriftung!"&ADDRESS(beschriftung!$C$1*12+ROW(beschriftung!$A7)-1,COLUMN(beschriftung!M$1))) -> Subsidies | O5: =IF(INDIRECT("beschriftung!"&ADDRESS(beschriftung!$C$1*12+ROW($A6)-1,COLUMN(O$1)))="","",INDIRECT("beschriftung!"&ADDRESS(beschriftung!$C$1*12+ROW($A6)-1,COLUMN(O$1)))) | P5: =IF(INDIRECT("beschriftung.!"&ADDRESS(#REF!*12+ROW($A6)-1,COLUMN(P$1)))="","",INDIRECT("beschriftung.!"&ADDRESS(#REF!*12+ROW($A6)-1,COLUMN(P$1)))) -> #REF! | Q5: =INDIRECT("beschriftung!"&ADDRESS(beschriftung!$C$1*12+ROW(beschriftung!$A7)-1,COLUMN(beschriftung!Q$1))) -> Compensation of employees received from the rest of the world | S5: =INDIRECT("beschriftung!"&ADDRESS(beschriftung!$C$1*12+ROW(beschriftung!$A7)-1,COLUMN(beschriftung!S$1))) -> Compensation of employees paid to the rest of the world | U5: =INDIRECT("beschriftung!"&ADDRESS(beschriftung!$C$1*12+ROW(beschriftung!$A7)-1,COLUMN(beschriftung!U$1))) -> Taxes on production and imports received from the rest of the world | W5: =INDIRECT("beschriftung!"&ADDRESS(beschriftung!$C$1*12+ROW(beschriftung!$A7)-1,COLUMN(beschriftung!W$1))) -> Property income received from the rest of the world | Y5: =INDIRECT("beschriftung!"&ADDRESS(beschriftung!$C$1*12+ROW(beschriftung!$A7)-1,COLUMN(beschriftung!Y$1))) -> Property income paid to the rest of the world | AB5: =IF(INDIRECT("beschriftung!"&ADDRESS(beschriftung!$C$1*12+ROW($A6)-1,COLUMN(AB$1)))="","",INDIRECT("beschriftung!"&ADDRESS(beschriftung!$C$1*12+ROW($A6)-1,COLUMN(AB$1)))) | AC5: =INDIRECT("beschriftung!"&ADDRESS(beschriftung!$C$1*12+ROW(beschriftung!$A7)-1,COLUMN(beschriftung!AC$1))) -> Current transfers receivable from the rest of the world | AE5: =INDIRECT("beschriftung!"&ADDRESS(beschriftung!$C$1*12+ROW(beschriftung!$A7)-1,COLUMN(beschriftung!AE$1))) -> Current transfers payable to the rest of the world | AG5: =IF(INDIRECT("beschriftung!"&ADDRESS(beschriftung!$C$1*12+ROW($A6)-1,COLUMN(AG$1)))="","",INDIRECT("beschriftung!"&ADDRESS(beschriftung!$C$1*12+ROW($A6)-1,COLUMN(AG$1))))
O6: =INDIRECT("beschriftung.!"&ADDRESS(#REF!*12+ROW(#REF!)-1,COLUMN(#REF!))) -> #REF!
C11: B1GQ | E11: D1 | G11: B2_B3N | I11: P51C | K11: D2 | M11: D3 | O11: B5GQ | Q11: D1r | S11: D1p | U11: D2r | W11: D4r | Y11: D4p | AA11: B6G | AC11: D5r_D6r_D7r | AE11: D5p_D6p_D7p
A12: 1980 | C12: 208312.98
A13: 1981 | C13: 223845.54 | D13: 0.074563563
A14: 1982 | C14: 237053.18 | D14: 0.059003378
A15: 1983 | C15: 244228.28 | D15: 0.030267893
A16: 1984 | C16: 260886.17 | D16: 0.06820622
A17: 1985 | C17: 276957.51 | D17: 0.061602883
A18: 1986 | C18: 290632.92 | D18: 0.049377296
A19: 1987 | C19: 301632.53 | D19: 0.037847086
A20: 1988 | C20: 319871.08 | D20: 0.060466125
A21: 1989 | C21: 345667.73 | D21: 0.080647008
A22: 1990 | C22: 374898.91 | D22: 0.084564392 | E22: 203731.01 | G22: 79181.493 | I22: 83944.672 | K22: 18568.786 | M22: -10527.054 | O22: 381986.17 | Q22: 1188.2248 | S22: 9468.1329 | U22: 21.290839 | W22: 38171.97 | Y22: 22826.087 | AA22: 379022.53 | AC22: 14349.278 | AE22: 17312.918
A23: 1991 | C23: 391582.87 | D23: 0.044502564 | E23: 218738.35 | F23: 0.073662489 | G23: 76995.382 | H23: -0.027608859 | I23: 89063.359 | J23: 0.060976912 | K23: 18826.303 | L23: 0.013868246 | M23: -12040.518 | N23: 0.14376895 | O23: 399749.02 | P23: 0.046501267 | Q23: 1321.2642 | R23: 0.11196487 | S23: 10466.8 | T23: 0.10547665 | U23: 22.690114 | V23: 0.065721907 | W23: 37921.761 | X23: -0.0065547915 | Y23: 20632.772 | Z23: -0.09608812 | AA23: 397049.89 | AB23: 0.047562768 | AC23: 15910.104 | AD23: 0.10877383 | AE23: 18609.224 | AF23: 0.074875073
A24: 1992 | C24: 399282.83 | D24: 0.019663677 | E24: 225744.3 | F24: 0.032028917 | G24: 75631.979 | H24: -0.017707598 | I24: 91710.313 | J24: 0.029719899 | K24: 18734.575 | L24: -0.0048723218 | M24: -12538.334 | N24: 0.041345058 | O24: 406898.42 | P24: 0.017884739 | Q24: 1388.9875 | R24: 0.051256456 | S24: 10413.415 | T24: -0.0051004487 | U24: 23.42565 | V24: 0.032416582 | W24: 35405.775 | X24: -0.066346751 | Y24: 18789.183 | Z24: -0.089352462 | AA24: 402332.55 | AB24: 0.01330476 | AC24: 18687.367 | AD24: 0.17455973 | AE24: 23253.241 | AF24: 0.24955454
A25: 1993 | C25: 408280.42 | D25: 0.022534371 | E25: 228474.05 | F25: 0.012092236 | G25: 81313.55 | H25: 0.075121283 | I25: 91929.026 | J25: 0.0023848206 | K25: 19500.54 | L25: 0.0408851 | M25: -12936.748 | N25: 0.031775715 | O25: 417979.68 | P25: 0.027233481 | Q25: 1506.1594 | R25: 0.084357795 | S25: 10127.341 | T25: -0.027471636 | U25: 23.798211 | V25: 0.015903978 | W25: 35641.674 | X25: 0.0066627325 | Y25: 17345.027 | Z25: -0.076861024 | AA25: 414282.41 | AB25: 0.029701451 | AC25: 19721.413 | AD25: 0.055333956 | AE25: 23418.687 | AF25: 0.0071149652
A26: 1994 | C26: 418392.82 | D26: 0.024768269 | E26: 229826.66 | F26: 0.0059201981 | G26: 89920.701 | H26: 0.10585136 | I26: 91906.195 | J26: -0.00024834847 | K26: 19748.384 | L26: 0.012709589 | M26: -13009.124 | N26: 0.0055946138 | O26: 424646.28 | P26: 0.015949562 | Q26: 1640.0618 | R26: 0.088903202 | S26: 9877.1956 | T26: -0.024700008 | U26: 26.284353 | V26: 0.1044676 | W26: 34576.612 | X26: -0.029882493 | Y26: 20112.305 | Z26: 0.15954302 | AA26: 419769.78 | AB26: 0.013245473 | AC26: 18385.296 | AD26: -0.067749562 | AE26: 23261.796 | AF26: -0.0066993823
A27: 1995 | C27: 423609.27 | D27: 0.012467839 | E27: 235263.12 | F27: 0.023654599 | G27: 88939.73 | H27: -0.01090929 | I27: 90073.677 | J27: -0.019939009 | K27: 22653.291 | L27: 0.14709598 | M27: -13320.546 | N27: 0.023938719 | O27: 432575.28 | P27: 0.018672019 | Q27: 1721.0554 | R27: 0.049384479 | S27: 9901.9736 | T27: 0.0025086091 | U27: 41.555167 | V27: 0.58098497 | W27: 35300.65 | X27: 0.020940098 | Y27: 18195.28 | Z27: -0.095316039 | AA27: 427601.81 | AB27: 0.018657923 | AC27: 17912.052 | AD27: -0.025740359 | AE27: 22885.523 | AF27: -0.016175567
A28: 1996 | C28: 427004.06 | D28: 0.0080139576 | E28: 235831.06 | F28: 0.0024140534 | G28: 92281.13 | H28: 0.037569263 | I28: 90384.262 | J28: 0.0034481275 | K28: 22723.88 | L28: 0.0031160183 | M28: -14216.271 | N28: 0.06724384 | O28: 437538.46 | P28: 0.01147357 | Q28: 1718.171 | R28: -0.001675965 | S28: 9931.0075 | T28: 0.0029321292 | U28: 41.290645 | V28: -0.006365569 | W28: 39416.696 | X28: 0.11659973 | Y28: 20710.747 | Z28: 0.13824836 | AA28: 432446.1 | AB28: 0.011328977 | AC28: 19392.819 | AD28: 0.082668786 | AE28: 24485.182 | AF28: 0.0698983
A29: 1997 | C29: 433866.34 | D29: 0.016070771 | E29: 238617.77 | F29: 0.011816573 | G29: 95470.659 | H29: 0.034563178 | I29: 90688.429 | J29: 0.0033652605 | K29: 23522.551 | L29: 0.035146781 | M29: -14433.068 | N29: 0.015249932 | O29: 451973.84 | P29: 0.032992242 | Q29: 1773.8915 | R29: 0.03243014 | S29: 9599.9291 | T29: -0.033337839 | U29: 42.704474 | V29: 0.034240907 | W29: 49111.735 | X29: 0.24596276 | Y29: 23220.909 | Z29: 0.12120091 | AA29: 447447.91 | AB29: 0.034690603 | AC29: 19779.571 | AD29: 0.019943036 | AE29: 24305.493 | AF29: -0.0073386959
A30: 1998 | C30: 444860.76 | D30: 0.025340559 | E30: 242856.12 | F30: 0.017762079 | G30: 98492.535 | H30: 0.031652408 | I30: 93257.574 | J30: 0.028329356 | K30: 25752.902 | L30: 0.094817579 | M30: -15498.373 | N30: 0.073809985 | O30: 465345.28 | P30: 0.029584549 | Q30: 1799.0638 | R30: 0.0141904 | S30: 9509.9275 | T30: -0.0093752373 | U30: 45.790327 | V30: 0.072260653 | W30: 65735.56 | X30: 0.33848988 | Y30: 37585.967 | Z30: 0.61862603 | AA30: 460040.33 | AB30: 0.02814275 | AC30: 21106.251 | AD30: 0.067073255 | AE30: 26411.201 | AF30: 0.086635046
A31: 1999 | C31: 453222.11 | D31: 0.018795425 | E31: 247677.31 | F31: 0.019852056 | G31: 93418.481 | H31: -0.051517146 | I31: 98103.477 | J31: 0.051962566 | K31: 27883.297 | L31: 0.082724474 | M31: -13860.463 | N31: -0.1056827 | O31: 477526.8 | P31: 0.026177373 | Q31: 1851.8887 | R31: 0.029362461 | S31: 9610.4926 | T31: 0.010574745 | U31: 48.932334 | V31: 0.068617256 | W31: 74388.262 | X31: 0.13162894 | Y31: 42373.901 | Z31: 0.12738621 | AA31: 473659.44 | AB31: 0.029604167 | AC31: 22615.962 | AD31: 0.071529096 | AE31: 26483.318 | AF31: 0.0027305636
A32: 2000 | C32: 476887.13 | D32: 0.052215064 | E32: 257661.96 | F32: 0.040313105 | G32: 98041.022 | H32: 0.049482085 | I32: 104324.53 | J32: 0.063413182 | K32: 30694.882 | L32: 0.100834 | M32: -13835.262 | N32: -0.001818165 | O32: 505081.73 | P32: 0.057703427 | Q32: 1906.6539 | R32: 0.02957263 | S32: 10460.247 | T32: 0.088419462 | U32: 90.616355 | V32: 0.85187071 | W32: 100856.7 | X32: 0.35581472 | Y32: 64199.124 | Z32: 0.51506286 | AA32: 502719.61 | AB32: 0.061352451 | AC32: 28163.252 | AD32: 0.24528204 | AE32: 30525.372 | AF32: 0.15262643
A33: 2001 | C33: 489864.21 | D33: 0.02721206 | E33: 272298.95 | F33: 0.056806986 | G33: 91061.401 | H33: -0.071190821 | I33: 110615.69 | J33: 0.060303727 | K33: 30761.562 | L33: 0.0021723706 | M33: -14873.398 | N33: 0.075035496 | O33: 508619.51 | P33: 0.0070043684 | Q33: 2282.302 | R33: 0.19701955 | S33: 11676.661 | T33: 0.11628917 | U33: 201.62073 | V33: 1.2249927 | W33: 87917.356 | X33: -0.12829436 | Y33: 59969.32 | Z33: -0.065885697 | AA33: 507468.5 | AB33: 0.0094463953 | AC33: 33272.017 | AD33: 0.18139826 | AE33: 34423.028 | AF33: 0.12768576
A34: 2002 | C34: 489521.64 | D34: -0.00069931918 | E34: 280029.43 | F34: 0.028389666 | G34: 81538.459 | H34: -0.10457715 | I34: 113730.16 | J34: 0.028155817 | K34: 29854.062 | L34: -0.029501097 | M34: -15630.479 | N34: 0.050901687 | O34: 501857.06 | P34: -0.013295687 | Q34: 2227.6105 | R34: -0.023963342 | S34: 12349.713 | T34: 0.057640813 | U34: 203.62958 | V34: 0.0099635253 | W34: 64438.353 | X34: -0.26705766 | Y34: 42184.456 | Z34: -0.29656604 | AA34: 495864.19 | AB34: -0.022867047 | AC34: 37216.645 | AD34: 0.11855694 | AE34: 43209.516 | AF34: 0.25525031
... A57: 2025 | C57: 881815.57 | D57: 0.024047457 | E57: 499572.01 | F57: 0.013195072 | G57: 143608.87 | H57: 0.059126152 | I57: 217989.05 | J57: 0.028102446 | K57: 46213.719 | L57: 0.02433168 | M57: -25568.081 | N57: 0.03530618 | O57: 869820.29 | P57: 0.024922611 | Q57: 3555.2879 | R57: 0.014893161 | S57: 36115.041 | T57: 0.031622652 | U57: 432.99376 | V57: 0.0047404386 | W57: 201650.59 | X57: -0.026117342 | Y57: 181519.11 | Z57: -0.036642159 | AA57: 852835.24 | AB57: 0.02437777 | AC57: 61592.221 | AD57: -0.062233636 | AE57: 78577.277 | AF57: -0.039505315

Sheet beschriftung
A1: deutsch | C1: 4
A2: français
A3: italiano
A4: english
A11: deutsch
A12: ESVG 2010, Quartalsaggregate des Bruttoinlandprodukts, Einkommensansatz, saison- und kalenderbereinigte Daten | B12: ESVG 2010, Jahresaggregate des Bruttoinlandproduktes, Einkommensansatz (BFS, SECO), saison- und kalenderbereinigte Daten
A13: In Mio. Franken, zu laufenden Preisen und Veränderungsraten in % gegenüber dem Vorquartal | B13: In Mio. Franken, zu laufenden Preisen und Veränderungsraten in % gegenüber dem Vorjahr
C16: Bruttoinlandprodukt | O16: Bruttonationaleinkommen | AA16: Verfügbares Bruttoeinkommen
AO17: NA | AQ17: NA | AR17: NA
E18: Arbeitnehmerentgelt | G18: Nettobetriebs- überschuss und Nettoselbständigen- einkommen | I18: Abschreibungen | K18: Produktions und Importabgaben | M18: Subventionen | Q18: Arbeitnehmerentgelt aus der übrigen Welt | S18: Arbeitnehmerentgelt an die übrige Welt | U18: Produktions- und Importabgaben aus der übrigen Welt | W18: Vermögenseinkommen aus der übrigen Welt | Y18: Vermögenseinkommen an die übrige Welt | AC18: Transfers aus der übrigen Welt | AE18: Transfers an die übrige Welt
M19: NA | Y19: NA | AC19: NA | AE19: NA
A21: Jahr | B21: Quartal
A23: français
A24: SEC 2010, PIB trimestriel et ses composantes, approche par les revenus, données corrigées des influences saisonnières et des effets calendaires | B24: SEC 2010, PIB annuel et ses composantes, approche par les revenus (OFS, SECO), données corrigées des influences saisonnières et des effets calendaires
A25: En mio. de francs, aux prix courants, variations en % par rapport au trimestre précédent | B25: En mio. de francs, aux prix courants, variations en % par rapport de l'année précédente
C28: Produit intérieur brut | O28: Revenu national brut | AA28: Revenu disponible brut
AO29: NA | AQ29: NA | AR29: NA
E30: Rémunération des salariés | G30: Excédent net d'exploitation et revenu mixte net | I30: Consommation de capital fixe | K30: Impôts sur la production et les importations | M30: Subventions | Q30: Rémunération des salariés reçue du reste du monde | S30: Rémunération des salariés versée au reste du monde | U30: Impôts sur la production et les importations reçus du reste du monde | W30: Revenus de la propriété reçus du reste du monde | Y30: Revenus de la propriété versés au reste du monde | AC30: Transferts courants à recevoir du reste du monde | AE30: Transferts courants à payer au reste du monde
M31: NA
A33: Année | B33: Trimestre
A35: italiano
A36: SEC 2010, Aggregati trimestriali dell'Prodotto Interno Lordo, ottica dei redditi distribuiti, dati destagionalizzati e corretti per gli effetti di calendario | B36: SEC 2010, Aggregati annuali dell'Prodotto Interno Lordo, ottica dei redditi distribuiti (UFS, SECO), dati destagionalizzati e corretti per gli effetti di calendario
A37: In milioni di franchi, a prezzi correnti, variazione in % rispetto all trimestre precedente | B37: In milioni di franchi, a prezzi correnti, variazione in % rispetto all'anno precedente
C40: Prodotto interno lordo | O40: Reddito nazionale lordo | AA40: Reddito disponibile lordo
AO41: NA | AQ41: NA | AR41: NA
E42: Redditi da lavoro dipendente | G42: Risultato di gestione netto e reddito misto netto | I42: Ammortamenti (consumo di capitale fisso) | K42: Imposte sulla produzione e sulle importazioni | M42: Sovvenzioni | Q42: Redditi da lavoro dipendente ricevuti dal resto del mondo | S42: Redditi da lavoro dipendente versati al resto del mondo | U42: Imposte sulla produzione e sulle importazioni ricevute dal resto del mondo | W42: Redditi da capitale ricevuti dal resto del mondo | Y42: Redditi da capitale versati al resto del mondo | AC42: Trasferimenti correnti ricevuti dal resto del mondo | AE42: Trasferimenti correnti versati al resto del mondo
M43: NA
A45: Anno | B45: Trimestre
A47: english
A48: ESA 2010, Quarterly aggregates of Gross Domestic Product, income approach, seasonally and calendar adjusted data | B48: ESA 2010, Annual aggregates of Gross Domestic Product, income approach (SFSO, SECO), seasonally and calendar adjusted data
A49: In Mio. Swiss Francs, at current prices, percentage change to previous quarter | B49: In Mio. Swiss Francs, at current prices, percentage change to previous year
C52: Gross domestic product | O52: Gross national income | AA52: Disposable income, gross
AO53: NA | AQ53: NA | AR53: NA
E54: Compensation of employees | G54: Net operating surplus and net mixed income | I54: Consumption of fixed capital | K54: Taxes on production and imports | M54: Subsidies | Q54: Compensation of employees received from the rest of the world | S54: Compensation of employees paid to the rest of the world | U54: Taxes on production and imports received from the rest of the world | W54: Property income received from the rest of the world | Y54: Property income paid to the rest of the world | AC54: Current transfers receivable from the rest of the world | AE54: Current transfers payable to the rest of the world
M55: NA
A57: Year | B57: Quarter
